 Dungeon Crawl Stone Soup version 0.17-a0-1210-g1e4f09d (webtiles) character file.

886 Kisielow the Infuser (level 7, -3/36 HPs)
             Began as a Deep Elf Conjurer on June 4, 2015.
             Slain by Duvessa
             ... wielding a +0 short sword
              (15 damage)
             ... on level 5 of the Dungeon.
             The game lasted 00:20:08 (5812 turns).

Kisielow the Infuser (Deep Elf Conjurer)            Turns: 5812, Time: 00:20:08

Health: -3/36      AC:  4    Str:  4    XL:     7   Next: 77%
Magic:  14/15      EV: 13    Int: 21    God:
Gold:   281        SH:  0    Dex: 15    Spells: 4 memorised, 2 levels left

rFire  . . .     SeeInvis .     t - +2 dagger (flame)
rCold  + . .     Clarity  .     m - -1 robe (curse)
rNeg   . . .     SustAt   .     (no shield)
rPois  .         Gourm    .     (no helmet)
rElec  .         Spirit   .     x - +1 cloak
rCorr  .         Warding  .     d - +0 pair of gloves
rMut   .         Stasis   .     (no boots)
MR     .....                    p - amulet of regeneration
Stlth  +.........               s - -2 ring of strength (curse)
                                f - ring of protection from cold

@: confused, lethally poisoned (-3 -> -5), starving, not resistant to hostile
enchantments, very unstealthy
A: spit poison 1
a: Spit Poison


You were on level 5 of the Dungeon.
You were starving.

You visited 1 branch of the dungeon, and saw 6 of its levels.
You also visited: Sewer.

You collected 281 gold pieces.

Inventory:

Hand weapons
 t - a +2 dagger of flaming (weapon)
Armour
 a - a +0 robe
 d - a +0 pair of gloves (worn)
 m - a cursed -1 robe (worn)
 x - a +1 cloak (worn)
Jewellery
 e - a cursed amulet of warding
 f - a ring of protection from cold (left hand)
 p - an amulet of regeneration (around neck)
 s - a cursed -2 ring of strength (right hand)
Scrolls
 n - 3 scrolls of enchant weapon
 o - a scroll of immolation
Potions
 j - 2 potions of agility {unknown}
 k - a potion of invisibility
 l - 2 potions of might
 r - 2 potions of haste {unknown}
 u - a potion of lignification {unknown}
 w - 3 potions of poison
 B - 2 potions of flight
Books
 b - a book of Conjurations

   Spells                             Type                      Level
   a - Magic Dart                     Conjuration                  1
   b - Searing Ray                    Conjuration                  2
   c - Dazzling Spray                 Conjuration/Hexes            3
   d - Fulminant Prism                Conjuration/Hexes            4
   e - Iskenderun's Mystic Blast      Conjuration                  4
   f - Iskenderun's Battlesphere      Conjuration/Charms           5
 h - a book of Ice

   Spells                             Type                      Level
   a - Ice Form                       Ice/Transmutation            4
   b - Metabolic Englaciation         Hexes/Ice                    5
   c - Ozocubu's Refrigeration        Ice                          6
   d - Bolt of Cold                   Conjuration/Ice              6
   e - Freezing Cloud                 Conjuration/Ice/Air          6
   f - Simulacrum                     Ice/Necromancy               6
Comestibles
 c - 3 bread rations
 i - 2 royal jellies
 q - a chunk of flesh
 z - 2 meat rations


   Skills:
 - Level 2.4 Dodging
 - Level 2.4 Stealth
 - Level 4.3 Spellcasting
 * Level 7.8 Conjurations
 + Level 8.7 Charms


You had 2 spell levels left.
You knew the following spells:

 Your Spells              Type           Power        Failure   Level  Hunger
a - Magic Dart            Conj           ####         1%          1    None
b - Fulminant Prism       Conj/Hex       ###.......   24%         4    ####...
q - Iskenderun's Battles  Conj/Chrm      #####...     14%         5    ######.
s - Searing Ray           Conj           #####.       1%          2    #......


Dungeon Overview and Level Annotations

Branches:
Dungeon (6/15)
 Temple: D:4-7

Altars:
Elyvilon
Fedhas
Gozag

Annotations:
D:4 Pikel
D:5 Duvessa


Innate Abilities, Weirdness & Mutations

You can spit weak poison.


Message History

Unknown command.
Casting: Magic Dart
Confirm with . or Enter, or press ? or * to list all spells.
You conjure a globe of magical energy.
You are starving!
Duvessa hits you with a short sword! Duvessa hits you with a short sword!
* * * LOW HITPOINT WARNING * * *
You don't have the energy to cast that spell.
Drink which item? (? for menu, Esc to quit)
You can't drink that!
Drink which item? (? for menu, Esc to quit)
You are confused.
You feel invigorated. Duvessa closely misses you.
Drink which item? (? for menu, Esc to quit)
It was a potion of poison.
That liquid tasted very nasty...
You are poisoned.
You feel sick. Duvessa hits you with a short sword.
Duvessa hits you with a short sword!
You die...

##)## #.. ##...## #.#
##.....## #.#
##.......######.#####
....................#
.#.......#.####..##.#
###.(...##.####..##.####
................>##....#
.)###.####.####*@e..# .#
#.# #......#
#..##.##.##### #.#
######## #.....).......
#.# #.#.....#.#### #.#
#.#.#.#...# #.#
#.#.#.##### #.# #.#.#.#
#.# #.#.#.##########
#.####
#####.#.#.(...((.).#


You could see Duvessa (berserk).

Vanquished Creatures
  3 slaves
  An ogre (D:3)
  2 ice beasts (D:5)
  A crocodile (Sewer)
  A centaur (D:5)
  Dowan (D:5)
  A scorpion (D:4)
  A crimson imp (D:5)
  2 hounds (D:5)
  An orc wizard (D:4)
  A worker ant (D:3)
  A hound skeleton (D:4)
  A worker ant zombie (D:5)
  6 adders
  2 fulminant prisms (D:5)
  An adder skeleton (D:4)
  7 worms
  3 giant geckos
  8 orcs
  2 ball pythons (D:3)
  A bat skeleton (D:5)
  3 giant cockroaches
  13 hobgoblins
  12 jackals
  2 quokkas
  9 bats
  3 giant newts
  9 goblins
  14 kobolds
  A quokka skeleton (D:4)
  A quokka zombie (D:5)
  7 rats
121 creatures vanquished.

Vanquished Creatures (others)
  8 fulminant prisms
8 creatures vanquished.

Grand Total: 129 creatures vanquished

Notes
Turn   | Place    | Note
--------------------------------------------------------------
     0 | D:1      | Kisielow the Deep Elf Conjurer began the quest for the Orb.
     0 | D:1      | Reached XP level 1. HP: 10/10 MP: 6/6
   315 | D:1      | Reached XP level 2. HP: 15/15 MP: 0/8
   322 | D:1      | Learned a level 2 spell: Searing Ray
   774 | D:1      | Reached skill level 5 in Conjurations
   938 | D:2      | Reached XP level 3. HP: 15/19 MP: 3/10
  1170 | D:2      | Found an opulent altar of Gozag.
  1949 | D:3      | Reached XP level 4. HP: 18/24 MP: 7/12
  1989 | D:3      | Learned a level 4 spell: Fulminant Prism
  2444 | D:3      | Noticed an ogre
  2453 | D:3      | Killed an ogre
  2453 | D:3      | Reached skill level 6 in Conjurations
  2453 | D:3      | Reached XP level 5. HP: 23/28 MP: 3/13
  2461 | D:3      | Learned a level 5 spell: Iskenderun's Battlesphere
  2726 | D:3      | Reached skill level 7 in Conjurations
  2726 | D:3      | Reached skill level 1 in Charms
  3320 | D:4      | Gained mutation: You can spit weak poison. [potion of beneficial mutation]
  3529 | D:4      | Found a white marble altar of Elyvilon.
  3608 | D:4      | Reached XP level 6. HP: 32/32 MP: 6/14
  3909 | D:4      | Found a blossoming altar of Fedhas.
  4088 | D:4      | Reached skill level 5 in Charms
  4290 | D:5      | Entered Level 5 of the Dungeon
  4420 | D:5      | Found a glowing drain.
  4426 | Sewer    | Entered a sewer
  4716 | D:5      | Noticed Duvessa
  4717 | D:5      | Noticed Dowan
  4742 | D:4      | Reached XP level 7. HP: 27/36 MP: 1/15
  4974 | D:5      | Noticed Pikel
  5337 | D:5      | Killed Dowan
  5337 | D:5      | Reached skill level 8 in Charms
  5812 | D:5      | Slain by Duvessa

Vault maps used:
D:1:      tarquinn_simple_flora_water_c
D:2:      grunt_gozag_breadcrumbs
D:4:      kennysheep_mini, first_bread, fedhas_altar_4
D:5:      lightli_sewer_entry_pipes, uniq_pikel, uniq_duvessa
D:6:      serial_shops, shop, makhleb_altar_promises_db, uniq_edmund,
          uniq_blork_the_orc
Sewer:    sewer_the_crocodile

Action                   |  1- 3 |  4- 6 |  7- 9 || total
-------------------------+-------+-------+-------++-------
Melee: Mace              |       |    16 |       ||    16
       Dagger            |       |     8 |     9 ||    17
 Cast: Magic Dart        |    72 |   150 |    39 ||   261
       Searing Ray       |     3 |     9 |     2 ||    14
       Fulminant Prism   |       |     6 |     4 ||    10
       Iskenderun's Batt |       |       |     5 ||     5
  Use: Scroll            |       |    14 |     2 ||    16
       Potion            |       |     4 |     6 ||    10
 Stab: Invisible         |       |       |     1 ||     1
  Eat: Chunk             |     1 |     6 |     1 ||     8
       Bread ration      |       |     1 |       ||     1
       Meat ration       |       |       |     1 ||     1
       Pizza             |       |       |     1 ||     1
